 Dungeon Crawl Stone Soup version 0.23-b1-49-g13d5857 (webtiles) character file.

Game seed: 9696402818384776251

256 HEYYEYAAE the Bolt Thrower (level 6, -2/43 HPs)
             Began as an Octopode Hunter on Feb 3, 2019.
             Hit by a stone thrown by an orc (4 damage)
             ... on level 3 of the Dungeon.
             The game lasted 00:02:11 (2585 turns).

HEYYEYAAE the Bolt Thrower (Octopode Hunter)        Turns: 2585, Time: 00:02:12

Health: -2/43      AC:  1    Str: 10 (11) XL:     6   Next: 15%
Magic:  6/6        EV: 13    Int: 16 (19) God:
Gold:   137        SH:  0    Dex: 12 (14) Spells: 5/5 levels left

rFire    + . .     SeeInvis .   a - +1 hand crossbow
rCold    + . .     Gourm    .   (no shield)
rNeg     . . .     Faith    .   (helmet restricted)
rPois    +         Spirit   .   (no amulet)
rElec    +         Reflect  .   (no ring)
rCorr    +         Harm     .   (no ring)
MR       .....                  (no ring)
Stlth    +++.......             (no ring)
HPRegen  0.14/turn              (no ring)
MPRegen  0.10/turn              (no ring)
                                (no ring)
                                (no ring)

@: brilliant, resistant, flying
A: almost no armour, stealthy swim, amphibious, 8 rings, constrict 8, camouflage
1, gelatinous body 1
a: no special abilities


You were on level 3 of the Dungeon.
You were hungry.

You visited 1 branch of the dungeon, and saw 3 of its levels.

You collected 137 gold pieces.

Inventory:

Hand Weapons
 a - a +1 hand crossbow (weapon)
 b - a +0 short sword
Missiles
 c - 22 bolts (quivered)
Jewellery
 g - a +3 ring of evasion {unknown}
Wands
 n - a wand of paralysis (13)
Scrolls
 e - 2 scrolls of fear {unknown}
 f - 4 scrolls of remove curse {unknown}
 i - a scroll of teleportation {unknown}
 j - 6 scrolls of identify {unknown}
 l - a scroll of immolation {unknown}
Potions
 o - a potion of resistance
Comestibles
 d - 12 rations


   Skills:
 + Level 3.7 Fighting
 * Level 6.4 Crossbows
 - Level 2.0 Dodging
 - Level 1.3 Stealth


You had 5 spell levels left.
You didn't know any spells.
Your spell library was empty.

Dungeon Overview and Level Annotations

Branches:
Dungeon (3/15)

Altars:
Cheibriados


Innate Abilities, Weirdness & Mutations

You cannot wear most types of armour.
You are very stealthy in the water. (Stealth+)
You are amphibious.
You can wear up to eight rings at the same time.
You can use your tentacles to constrict eight enemies at once.
Your skin changes colour to match your surroundings (Stealth+).
Your rubbery body absorbs attacks. (AC +1, EV +1)


Message History

You feel better. The rat barely misses you.
The orc priest mumbles some strange prayers to Beogh against you.
Beogh smites you!
* * * LOW HITPOINT WARNING * * *
The orc priest drinks a potion.
The orc priest is healed!
It was a potion of resistance.
You feel protected. The rat barely misses you.
It was a potion of brilliance.
You feel clever all of a sudden. The rat bites you.
* * * LOW HITPOINT WARNING * * *
It was a potion of flight.
You feel very buoyant.
You fly up into the air.
The rat barely misses you.
It was a potion of degeneration.
There was something very wrong with that liquid.
You feel weakened.
You feel dopey.
You feel clumsy. The rat misses you.
The orc throws a stone.
The stone hits you.
You die...

#.# #..(...'.........#
#.# #......#########.#
#.# #..............#.#
#.####.#รท##########.#.#
#........# #.#
#........# #.#
#......))# #.#
#......r.# #.#
##....@#.# #.# ##..#.#o#
#.# #...o#.(.(.... #.#
#....o....(... #..
#........(.... ###
#..........(.(
.....#.###..(( .....>#..
.... ....#### ..(


You could see an orc priest, an orc and a rat.

Vanquished Creatures
  A hound (D:2)
  Ijyb (D:3)
  Jessica (D:3)
  2 orc wizards (D:3)
  3 adders
  An ooze (D:3)
  2 worms (D:2)
  3 dart slugs
  5 leopard geckos
  3 orcs (D:3)
  2 ball pythons
  4 giant cockroaches
  6 goblins
  4 hobgoblins
  4 jackals
  11 kobolds
  2 quokkas
  8 bats
  2 frilled lizards
  5 rats
70 creatures vanquished.

Notes
Turn   | Place    | Note
-------+----------+-------------------------------------------
     0 | D:1      | HEYYEYAAE the Octopode Hunter began the quest for the Orb.
     0 | D:1      | Reached XP level 1. HP: 14/14 MP: 1/1
    20 | D:1      | Reached XP level 2. HP: 9/19 MP: 2/2
   374 | D:1      | Reached XP level 3. HP: 24/24 MP: 3/3
   844 | D:2      | Found a snail-covered altar of Cheibriados.
   900 | D:2      | Reached skill level 5 in Crossbows
   900 | D:2      | Reached XP level 4. HP: 26/30 MP: 4/4
  1938 | D:3      | Reached XP level 5. HP: 36/36 MP: 5/5
  1973 | D:3      | Reached skill level 6 in Crossbows
  2202 | D:3      | Noticed Ijyb
  2206 | D:3      | Killed Ijyb
  2415 | D:3      | Noticed Jessica
  2417 | D:3      | Killed Jessica
  2417 | D:3      | Reached XP level 6. HP: 43/43 MP: 6/6
  2583 | D:3      | HP: 2/43 [rat (2)]
  2585 | D:3      | Hit by a stone thrown by an orc

Skill      XL: |  1  2  3  4  5 |
---------------+----------------+-----
Crossbows      | 5 6 |  6.4
Fighting       | 3 |  3.7
Dodging        | |  2.0
Stealth        | |  1.3

Action                   |  1- 3 |  4- 6 || total
-------------------------+-------+-------++-------
 Fire: Hand crossbow     |    53 |   107 ||   160
  Use: Potion            |     1 |     5 ||     6
  Eat: Chunk             |       |     4 ||     4
Armor: Skin              |     2 |     2 ||     4
Dodge: Dodged            |     9 |    19 ||    28
